 Dungeon Crawl Stone Soup version 0.31.0-11-ge490571c62 (webtiles) character file.

Game seed: 10468801743853989046

144 qw the Shooter (level 5, 0/26 HPs)
             Began as a Spriggan Hunter on Feb 4, 2024.
             Slain by a ribbon worm (7 damage)
             ... on level 4 of the Dungeon.
             The game lasted 00:00:09 (2908 turns).

qw the Shooter (Spriggan Hunter)                    Turns: 2908, Time: 00:00:10

Health: 0/26       AC:  4    Str:  7    XL:     5   Next: 5%
Magic:  6/6        EV:  7    Int: 10    God:
Gold:   183        SH:  0    Dex: 21    Spells: 4/4 levels left

rFire   + . .        a - +0 shortbow
rCold   . . .        (shield currently unavailable)
rNeg    . . .        g - +2 robe {rF+}
rPois   .            (helmet restricted)
rElec   .            (no cloak)
rCorr   .            (gloves unavailable)
SInv    +            (boots unavailable)
Will    .....        i - amulet of faith
Stlth   ++           (no ring)
HPRegen 0.24/turn    (no ring)
MPRegen 0.10/turn

%: faith
@: held, constricted, very quick
A: very small, no large weapons, unfitting armour, see invisible, speed 3
a: no special abilities


You were on level 4 of the Dungeon.
You visited 1 branch of the dungeon, and saw 4 of its levels.

You collected 183 gold pieces.


Innate Abilities, Weirdness & Mutations

You are very small and have problems with some larger weapons.
You are too small for most types of armour.
You have supernaturally acute eyesight. (SInv)
You cover ground extremely quickly. (Speed+++)


   Skills:
 - Level 2.3 Fighting
 + Level 5.0 Ranged Weapons
 - Level 5.0 Dodging
 - Level 1.5 Stealth


You had 4 spell levels left.
You didn't know any spells.
Your spell library was empty.

Inventory:

Hand Weapons
 a - a +0 shortbow (weapon)
Armour
 g - a +2 robe of fire resistance (worn)
Jewellery
 i - an amulet of faith (around neck)
 j - an amulet of reflection
 l - a ring of ice
Scrolls
 b - a scroll of enchant armour
 k - a scroll of teleportation
Potions
 d - 2 potions of cancellation
 e - a potion of heal wounds
 m - a potion of haste {unknown}
 n - a potion of mutation {unknown}

Dungeon Overview and Level Annotations

Branches:
Dungeon (4/15)
 Temple: D:4-7

Altars:
Makhleb
Zin

Shops:
D:2 [


Message History

The ball python barely misses you.
The kobold shouts!
There is a stone staircase leading up here.
The ball python bites you. The ball python barely misses you.
The ball python misses you. The ball python closely misses you.
The kobold hits you with a +0 club.
The giant cockroach bites you but does no damage.
The ball python bites you but does no damage.
The ball python closely misses you. x2; The ball python grabs you.
The ball python constricts you.
The ribbon worm expels a string of sticky webbing.
The stream of webbing hits you but does no damage.
You are even more entangled.
The kobold barely misses you.
The giant cockroach bites you but does no damage.
The ball python bites you but does no damage.
The ball python bites you but does no damage.
The ball python constricts you. The giant cockroach closely misses you.
The kobold hits you with a +0 club. The ball python barely misses you.
The ball python bites you. The ball python constricts you.
The giant cockroach bites you but does no damage.
The kobold hits you with a +0 club.
The ball python bites you but does no damage.
The ball python bites you. The ball python constricts you.
The giant cockroach barely misses you.
The ball python bites you but does no damage.
The kobold hits you but does no damage. The ball python bites you.
The ball python constricts you.
The giant cockroach bites you but does no damage.
The ball python bites you but does no damage. x2
The ball python constricts you. The kobold hits you but does no damage.
The giant cockroach bites you.
The ball python bites you but does no damage.
The ball python bites you. The ball python constricts you.
The ribbon worm bites you. The kobold hits you but does no damage.
The giant cockroach barely misses you.
The ball python bites you but does no damage.
The ball python bites you but does no damage.
The ball python constricts you. The giant cockroach closely misses you.
The kobold closely misses you. The ribbon worm bites you!
You die...

#. .# #. .#
######.#.#
.........#
.........#
.........#
......S..#
.....?w@.#
#####(KBS......
#....#####.
#!.... #..#.##
#.. .. #.. .#
#.# .#


You could see a ribbon worm, a giant cockroach, 2 ball pythons and a kobold.

Vanquished Creatures
  An orc priest (D:3)
  An orc wizard (D:3)
  4 adders
  3 dart slugs (D:3)
  A ribbon worm (D:2)
  3 orcs (D:3)
  4 bats
  7 endoplasms
  3 giant cockroaches
  2 goblins
  A hobgoblin (D:1)
  A jackal (D:3)
  2 kobolds (D:3)
  2 quokkas
  4 ball pythons
  A frilled lizard (D:1)
  3 rats (D:2)
43 creatures vanquished.

Notes
Turn   | Place    | Note
-------+----------+-------------------------------------------
     0 | D:1      | qw the Spriggan Hunter began the quest for the Orb.
     0 | D:1      | Reached XP level 1. HP: 10/10 MP: 2/2
     0 | D:1      | 0 ||| qw: Version: 0.3-a-160-g6735b56
     0 | D:1      | 0 ||| qw: Game counter: 4772
     0 | D:1      | 0 ||| qw: Melee chars always use a shield: true
     0 | D:1      | 0 ||| qw: God list: Okawaru
     0 | D:1      | 0 ||| qw: Allow faded altars: false
     0 | D:1      | 0 ||| qw: Do Orc after clearing Dungeon:15 true
     0 | D:1      | 0 ||| qw: Do second Lair branch before Depths: true
     0 | D:1      | 0 ||| qw: Lair rune preference: random
     0 | D:1      | 0 ||| qw: Goals: Normal
     0 | D:1      | 0 ||| PLANNING D:1-11
    98 | D:1      | Reached skill level 3 in Dodging
   188 | D:1      | You fall into a shaft and drop 1 floor!
   251 | D:2      | Found Yganoff's Antique Armour Shop.
   260 | D:2      | 260 ||| SHOPLISTING heavily runed robe (148 gold, have 54).
   260 | D:2      | 260 ||| SHOPLISTING runed cloak (195 gold, have 54).
   276 | D:2      | Reached XP level 2. HP: 14/14 MP: 3/3
   321 | D:2      | 321 ||| UPGRADING to amulet of faith.
   326 | D:2      | 326 ||| READING scroll labelled FENYSTRO JENI.
   326 | D:2      | 326 ||| ENCHANTING +0 shortbow.
   327 | D:2      | 327 ||| READING scroll labelled GESHRO BEMYADAOF.
   330 | D:2      | 330 ||| READING scroll labelled ENEMARUPLOA.
   330 | D:2      | 330 ||| IDENTIFYING sedimented amethyst potion
   331 | D:2      | 331 ||| DRINKING 2 clear potions.
   332 | D:2      | 332 ||| DROPPING scroll of butterflies.
   333 | D:2      | 333 ||| DROPPING potion of brilliance.
   334 | D:2      | 334 ||| Stepping randomly (stuck).
   335 | D:2      | 335 ||| Stepping randomly (stuck).
   336 | D:2      | 336 ||| Stepping randomly (stuck).
   337 | D:2      | 337 ||| Stepping randomly (stuck).
   338 | D:2      | 338 ||| Stepping randomly (stuck).
   339 | D:2      | 339 ||| Stepping randomly (stuck).
   340 | D:2      | 340 ||| Stepping randomly (stuck).
   341 | D:2      | 341 ||| Stepping randomly (stuck).
   342 | D:2      | 342 ||| Stepping randomly (stuck).
   343 | D:2      | 343 ||| Stepping randomly (stuck).
   344 | D:2      | 344 ||| Stepping randomly (stuck).
   345 | D:2      | 345 ||| Stepping randomly (stuck).
   346 | D:2      | 346 ||| Stepping randomly (stuck).
   348 | D:2      | 348 ||| READING scroll labelled RIKHOA PEATI.
   349 | D:2      | 349 ||| Stepping randomly (stuck).
   350 | D:2      | 350 ||| Stepping randomly (stuck).
   351 | D:2      | 351 ||| Stepping randomly (stuck).
   352 | D:2      | 352 ||| Stepping randomly (stuck).
   353 | D:2      | 353 ||| Stepping randomly (stuck).
   354 | D:2      | 354 ||| Stepping randomly (stuck).
   355 | D:2      | 355 ||| Stepping randomly (stuck).
   356 | D:2      | 356 ||| Stepping randomly (stuck).
   357 | D:2      | 357 ||| Stepping randomly (stuck).
   358 | D:2      | 358 ||| Stepping randomly (stuck).
   359 | D:2      | 359 ||| Stepping randomly (stuck).
   360 | D:2      | 360 ||| Stepping randomly (stuck).
   361 | D:2      | 361 ||| Stepping randomly (stuck).
   362 | D:2      | 362 ||| Stepping randomly (stuck).
   363 | D:2      | 363 ||| Stepping randomly (stuck).
   364 | D:2      | 364 ||| Stepping randomly (stuck).
   365 | D:2      | 365 ||| Stepping randomly (stuck).
   786 | D:1      | Reached XP level 3. HP: 18/18 MP: 4/4
  1123 | D:1      | 1123 ||| UPGRADING to +2 robe of fire resistance.
  1133 | D:1      | 1133 ||| DROPPING +0 robe.
  1134 | D:1      | 1134 ||| READING scroll of identify.
  1134 | D:1      | 1134 ||| IDENTIFYING emerald potion
  1135 | D:1      | 1135 ||| READING scroll labelled PEOGUHATOR.
  1236 | D:1      | 1236 ||| READING scroll labelled FELIVA COMIO.
  1237 | D:1      | 1237 ||| READING scroll labelled ILISCH YMEX.
  1238 | D:1      | 1238 ||| DRINKING 2 fizzy yellow potions.
  1342 | D:1      | 1342 ||| DROPPING potion of berserk rage.
  1965 | D:2      | 1965 ||| READING scroll labelled LAKOKH DEXTUSS.
  2063 | D:3      | Found a burning altar of Makhleb.
  2069 | D:3      | Found a glowing silver altar of Zin.
  2069 | D:3      | Noticed an angel
  2069 | D:3      | Noticed a blizzard demon
  2146 | D:3      | Reached XP level 4. HP: 22/22 MP: 5/5
  2209 | D:3      | 2209 ||| DRINKING cyan potion.
  2210 | D:3      | 2210 ||| DRINKING yellow potion.
  2646 | D:3      | Reached XP level 5. HP: 26/26 MP: 6/6
  2841 | D:3      | 2841 ||| READING scroll of identify.
  2841 | D:3      | 2841 ||| IDENTIFYING golden potion
  2842 | D:3      | 2842 ||| READING scroll labelled IVEYNI PATISH.
  2843 | D:3      | 2843 ||| DROPPING potion of degeneration.
  2897 | D:4      | 2897 ||| STAIRDANCE
  2908 | D:4      | Slain by a ribbon worm

Levels and vault maps discovered:
D:1:      kennysheep_arrival_forest, layout_basic, supply_closet_lemuel,
          columned_hall_lemuel, minmay_tromino_v4_b
D:2:      layout_basic, serial_shops, shop
D:3:      layout_basic, grunt_temple_overflow_order_and_chaos_2,
          minmay_misc_feat_plants, kennysheep_generic_room_4
D:4:      layout_basic, gammafunk_temple_overflow_claw, minmay_tree_intersection

Skill      XL: |  1  2  3  4 |
---------------+-------------+-----
Dodging        | 3 4 5 |  5.0
Ranged Weapons | 5 |  5.0
Fighting       | 2 |  2.3
Stealth        | |  1.5

Action                     |  1- 3 |  4- 6 || total
---------------------------+-------+-------++-------
   Fire: Shortbow          |    86 |    38 ||   124
    Use: Scroll            |     9 |     2 ||    11
         Potion            |     2 |     2 ||     4
 Armour: Robe              |     5 |    34 ||    39
  Dodge: Dodged            |    29 |    17 ||    46

Table legend:
 A = Non-vault XP
 B = Vault XP
 C = Vault XP percentage of total XP
 D = Non-vault monster count
 E = Vault monster count
 F = Vault count percentage of total count
                 A         B        C        D         E       F
            +---------+---------+-------+---------+---------+-------
      Total |     203 |       4 |   1.9 |      41 |       2 |   4.7
            +---------+---------+-------+---------+---------+-------
        D:1 |      24 |       0 |   0.0 |      14 |       0 |   0.0
        D:2 |      29 |       0 |   0.0 |      10 |       0 |   0.0
        D:3 |     150 |       4 |   2.6 |      17 |       2 |  10.5
            +---------+---------+-------+---------+---------+-------
